 Dungeon Crawl Stone Soup version 0.30-a0-937-ga0a21ad780 (webtiles) character file.

Game seed: 16001354268998878130

1375 dolemite99 the Gusty (level 8, -44/59 HPs)
             Began as a Gnoll Air Elementalist on Mar 24, 2023.
             Annihilated by an ogre
             ... wielding a +0 giant spiked club
              (51 damage)
             ... on level 5 of the Dungeon on Mar 25, 2023.
             The game lasted 00:06:36 (5907 turns).

dolemite99 the Gusty (Gnoll Air Elementalist)       Turns: 5907, Time: 00:06:37

Health: -44/59     AC: 13    Str:  8    XL:     8   Next: 66%
Magic:  10/17      EV:  2    Int: 17    God:
Gold:   25         SH:  0    Dex: 12    Spells: 9/19 levels left

rFire   . . .      SeeInvis .    m - +2 dagger (distort)
rCold   . . .      Faith    .    (no shield)
rNeg    . . .      Spirit   .    a - +0 robe
rPois   .          Reflect  .    v - +2 helmet
rElec   .          Rampage  .    q - +0 cloak
rCorr   .                        n - +1 pair of gloves
Will    .....                    w - +0 pair of boots
Stlth   +++                      (no amulet)
HPRegen 0.29/turn                d - +4 ring of protection
MPRegen 0.15/turn                (no ring)

@: sleeping
A: fangs 1, strong nose, distributed training
a: no special abilities


You were on level 5 of the Dungeon.
You visited 1 branch of the dungeon, and saw 6 of its levels.

You collected 248 gold pieces.
You spent 223 gold pieces at shops.

Inventory:

Hand Weapons
 l - a +0 dagger
 m - a +2 dagger of distortion (weapon)
 D - a +1 dire flail of holy wrath
Missiles
 u - 3 poisoned darts
Armour
 a - a +0 robe (worn)
 n - a +1 pair of gloves (worn)
 q - a +0 cloak (worn)
 v - a +2 helmet (worn)
 w - a +0 pair of boots (worn)
Jewellery
 d - a +4 ring of protection (left hand)
Wands
 b - a wand of flame (51)
 p - a wand of roots (4)
 B - a wand of digging (7)
Scrolls
 e - 2 scrolls of poison
 g - 2 scrolls of summoning
 h - 2 scrolls of magic mapping
 i - 3 scrolls of fear
 x - 3 scrolls of immolation
 y - a scroll of blinking
 z - a scroll of teleportation
 A - 3 scrolls of identify {@r1}
Potions
 c - 2 potions of attraction
 f - a potion of lignification
 j - 2 potions of resistance {unknown}
 k - a potion of mutation {unknown}
 o - a potion of invisibility {unknown}
 r - 2 potions of heal wounds {unknown}
 s - 2 potions of ambrosia {unknown}
 t - 2 potions of curing {unknown}
 C - 3 potions of brilliance {unknown}
 E - 2 potions of magic


   Skills:
 + Level 3.6 Fighting
 + Level 3.6 Short Blades
 + Level 3.6 Long Blades
 + Level 3.6 Axes
 + Level 3.6 Maces & Flails
 + Level 3.6 Polearms
 + Level 3.6 Staves
 + Level 3.6 Ranged Weapons
 + Level 3.6 Throwing
 + Level 3.6 Armour
 + Level 5.9 Dodging
 + Level 5.6 Stealth
 + Level 3.6 Shields
 + Level 3.6 Unarmed Combat
 + Level 6.2 Spellcasting
 + Level 3.7 Conjurations
 + Level 3.0 Hexes
 + Level 3.0 Summonings
 + Level 3.0 Necromancy
 + Level 3.0 Translocations
 + Level 3.0 Transmutations
 + Level 3.0 Fire Magic
 + Level 3.0 Ice Magic
 + Level 6.2 Air Magic
 + Level 3.0 Earth Magic
 + Level 3.0 Poison Magic
 + Level 4.0 Invocations
 + Level 3.6 Evocations


You had 9 spell levels left.
You knew the following spells:

 Your Spells              Type           Power      Damage    Failure   Level
a - Shock                 Conj/Air       88%        1d8       1%          1
b - Static Discharge      Conj/Air       44%        2-4/arc   2%          2
c - Swiftness             Air            26%        N/A       2%          3
d - Airstrike             Air            13%        2d(2-18)  10%         4

Your spell library contained the following spells:

 Spells                   Type           Power      Damage    Failure   Level
 Apportation              Tloc           30%        N/A       3%          1
 Beastly Appendage        Tmut           30%        N/A       3%          1
 Necrotise                Necr           60%        1d7       3%          1
 Summon Small Mammal      Summ           60%        N/A       3%          1
 Sublimation of Blood     Necr           15%        N/A       5%          2
 Storm Form               Tmut/Air       10%        N/A       100%        7
 Necromutation            Tmut/Necr      7%         N/A       100%        8


Dungeon Overview and Level Annotations

Branches:
Dungeon (6/15)
 Temple: D:4-7

Altars:
Hepliaklqana
Sif Muna
Uskayaw

Shops:
D:1 ?   D:3 :[?[   D:5 !

Annotations:
D:2 1 runed translucent door, Crazy Yiuf
D:5 Dowan, Duvessa


Innate Abilities, Weirdness & Mutations

You have very sharp teeth.
Your uncanny sense of smell can sniff out nearby items.
Your experience applies equally to all skills.


Message History

Casting: Static Discharge (safe; 2% risk of failure)
Confirm with . or Enter, or press ? or * to list all spells.
The sleepcap is struck by an arc of lightning.
The sleepcap is heavily damaged.
The hound is struck by an arc of lightning.
You kill the hound!
The lightning grounds out.
The ogre is struck by an arc of lightning.
The ogre is heavily wounded.
You are struck by an arc of lightning.
The lightning grounds out.
The ogre closely misses you. The sleepcap closely misses you.
Your Hexes skill increases to level 3!
Your Summonings skill increases to level 3!
Your Necromancy skill increases to level 3!
Your Translocations skill increases to level 3!
Your Transmutations skill increases to level 3!
Your Fire Magic skill increases to level 3!
Your Ice Magic skill increases to level 3!
Your Earth Magic skill increases to level 3!
Your Poison Magic skill increases to level 3!
Your Invocations skill increases to level 4!
The ogre completely misses you.
The sleepcap releases spores at you but does no damage.
Casting: Static Discharge (safe; 2% risk of failure)
Confirm with . or Enter, or press ? or * to list all spells.
The sleepcap is struck by an arc of lightning.
The sleepcap is severely damaged.
You are struck by an arc of lightning.
The lightning grounds out.
The sleepcap releases spores at you but does no damage.
The ogre hits you with a +0 giant spiked club!!
Ouch! That really hurt!
* * * LOW HITPOINT WARNING * * *
The sleepcap releases spores at you.
* * * LOW HITPOINT WARNING * * *
You are engulfed in a cloud of soporific spores!
You fall asleep.
The sleepcap barely misses you.
The ogre hits you with a +0 giant spiked club!!!
Ouch! That really hurt!
You die...

###.†## ≈≈≈##. ##..## ≈≈≈≈..
##..## .≈≈∩~≈..# #...##
#≈≈.≈≈..## ##...##
#...~.~....### #....####
##....<........#######......##
###....
#..........##..........#
...... #....f@............##.#
....# #....†.O...........###.
#..# #..................# #.
#..## ###....#............# #.
....######....#####.........##
## .......#......# ####......#
..........###.# #......#
#..####..## #..# ##.....# ##.#
#.## ##.# #.....#


You could see an ogre and a sleepcap.

Vanquished Creatures
  Grinder (D:5)
  Eustachio (D:5)
  Menkaure (D:4)
  Edmund (D:4)
  An ogre (D:5)
  2 black bears
  A scorpion (D:5)
  A howler monkey (D:5)
  2 jellies (D:5)
  An orc priest (D:4)
  A hound (D:5)
  Ijyb (D:4)
  3 iguanas
  2 orc wizards
  Natasha (thrice) (D:4)
  4 adders
  A white imp (D:5)
  An ufetubus (D:4)
  A worm (D:5)
  A dart slug (D:1)
  5 orcs
  4 bats
  4 endoplasms
  3 giant cockroaches
  4 goblins
  2 hobgoblins
  7 jackals
  7 ball pythons
  4 frilled lizards
  5 kobolds
  5 rats
80 creatures vanquished.

Vanquished Creatures (others)
  An orc wizard (D:5)
1 creature vanquished.

Grand Total: 81 creatures vanquished

Notes
Turn   | Place    | Note
-------+----------+-------------------------------------------
     0 | D:1      | dolemite99 the Gnoll Air Elementalist began the quest for
                  | the Orb.
     0 | D:1      | Reached XP level 1. HP: 13/13 MP: 6/6
    38 | D:1      | Found Afyj's Magic Scroll Shoppe.
   394 | D:1      | Reached XP level 2. HP: 19/19 MP: 3/7
   456 | D:1      | Got Jevocev's Exposition on the Sepulchral Figure
  1006 | D:2      | Found a runed translucent door.
  1007 | D:2      | Noticed Crazy Yiuf
  1039 | D:2      | Reached skill level 5 in Spellcasting
  1039 | D:2      | Reached XP level 3. HP: 25/25 MP: 5/9
  1107 | D:2      | Identified the +5 ring mail of Youthful Indiscretion {Will+
                  | Regen+ Int-5}
  1482 | D:2      | Reached skill level 1 in Invocations
  1937 | D:3      | Reached skill level 1 in Fighting
  1937 | D:3      | Reached skill level 1 in Short Blades
  1937 | D:3      | Reached skill level 1 in Long Blades
  1937 | D:3      | Reached skill level 1 in Axes
  1937 | D:3      | Reached skill level 1 in Maces & Flails
  1937 | D:3      | Reached skill level 1 in Polearms
  1937 | D:3      | Reached skill level 1 in Staves
  1937 | D:3      | Reached skill level 1 in Ranged Weapons
  1937 | D:3      | Reached skill level 1 in Throwing
  1937 | D:3      | Reached skill level 1 in Armour
  1937 | D:3      | Reached skill level 1 in Shields
  1937 | D:3      | Reached skill level 1 in Unarmed Combat
  1937 | D:3      | Reached skill level 1 in Evocations
  1979 | D:3      | Found a hazy altar of Hepliaklqana.
  2034 | D:3      | Found a hide-covered altar of Uskayaw.
  2034 | D:3      | Noticed a +0 dagger
  2034 | D:3      | Noticed a +0 hand axe
  2035 | D:3      | Noticed a black bear
  2050 | D:3      | Killed a black bear
  2051 | D:3      | Reached skill level 1 in Hexes
  2051 | D:3      | Reached skill level 1 in Summonings
  2051 | D:3      | Reached skill level 1 in Necromancy
  2051 | D:3      | Reached skill level 1 in Translocations
  2051 | D:3      | Reached skill level 1 in Transmutations
  2051 | D:3      | Reached skill level 1 in Fire Magic
  2051 | D:3      | Reached skill level 1 in Ice Magic
  2051 | D:3      | Reached skill level 1 in Earth Magic
  2051 | D:3      | Reached skill level 1 in Poison Magic
  2051 | D:3      | Reached XP level 4. HP: 32/32 MP: 6/11
  2051 | D:3      | Reached XP level 5. HP: 37/37 MP: 6/12
  2096 | D:3      | Found Diselyot's Armour Boutique.
  2132 | D:3      | Bought a +0 pair of gloves for 58 gold pieces
  2197 | D:1      | Bought a scroll of identify for 20 gold pieces
  2269 | D:2      | Learned a level 2 spell: Static Discharge
  2273 | D:2      | Learned a level 3 spell: Swiftness
  2278 | D:2      | Learned a level 4 spell: Airstrike
  2708 | D:3      | Found Otsos's Armour Emporium.
  2768 | D:3      | Found Kymeegey's Book Shoppe.
  2842 | D:3      | Found Orye's Magic Scroll Shop.
  2996 | D:1      | Bought a scroll of blinking for 75 gold pieces
  2996 | D:1      | Bought a scroll of teleportation for 30 gold pieces
  3062 | D:4      | Noticed Menkaure
  3069 | D:4      | Killed Menkaure
  3070 | D:4      | Reached skill level 5 in Dodging
  3070 | D:4      | Reached XP level 6. HP: 20/44 MP: 5/14
  3482 | D:4      | Noticed Ijyb
  3497 | D:4      | Killed Ijyb
  3704 | D:4      | Noticed Natasha
  3706 | D:4      | Noticed Edmund
  3707 | D:4      | Killed Natasha
  3707 | D:4      | Noticed Natasha
  3713 | D:4      | Killed Natasha
  3736 | D:4      | Killed Edmund
  3737 | D:4      | Reached XP level 7. HP: 9/51 MP: 11/15
  4171 | D:4      | Noticed Natasha
  4208 | D:4      | Killed Natasha
  4473 | D:5      | Entered Level 5 of the Dungeon
  4512 | D:5      | Reached skill level 5 in Stealth
  4666 | D:5      | Noticed Eustachio
  4696 | D:5      | Killed Eustachio
  4697 | D:5      | Reached XP level 8. HP: 45/58 MP: 3/16
  5081 | D:5      | Found a shimmering blue altar of Sif Muna.
  5113 | D:5      | Noticed Grinder
  5125 | D:5      | Killed Grinder
  5363 | D:5      | Noticed Dowan
  5364 | D:5      | Noticed Duvessa
  5708 | D:5      | Found Ukluulok's Distillery.
  5801 | D:1      | Bought a scroll of fear for 40 gold pieces
  5907 | D:5      | Annihilated by an ogre

Illustrated notes

Levels and vault maps discovered:
D:1:      dpeg_arrival_pits, layout_basic, serial_shops, shop,
          minmay_misc_feat_secret_circle
D:2:      layout_basic, hangedman_abyss_or_decor_stabs,
          kennysheep_generic_room_7, uniq_crazy_yiuf_cottage
D:3:      layout_basic, nzn_hepliaklqana_mist_gate, dancing_weapons_uskayaw,
          serial_shops, nicolae_shop_competitors_out_of_business,
          nicolae_shop_hallway_stairs, nicolae_shop_stone, shop_statue,
          nicolae_shop_behind_doors
D:4:      layout_rooms, uniq_natasha, uniq_menkaure, uniq_ijyb, uniq_edmund
D:5:      layout_layer_cave, mainiacjoe_overflow_alcove_2,
          minmay_temple_entry_overgrown, serial_shops, nicolae_shop_waterfront,
          hellmonk_guarded_unrand_hermit, uniq_duvessa, uniq_grinder,
          uniq_eustachio
D:6:      lemuel_castle_with_subvaults [lemuel_castle_interior_original],
          layout_loops_ring, ebering_ghost_rock_garden

Skill      XL: |  1  2  3  4  5  6  7  8 |
---------------+-------------------------+-----
Conjurations   | 2 3 |  3.7
Spellcasting   | 5 6 |  6.2
Invocations    | 1 2 3 4 |  4.0
Fighting       | 1 2 3 |  3.6
Short Blades   | 1 2 3 |  3.6
Long Blades    | 1 2 3 |  3.6
Axes           | 1 2 3 |  3.6
Maces & Flails | 1 2 3 |  3.6
Polearms       | 1 2 3 |  3.6
Staves         | 1 2 3 |  3.6
Ranged Weapons | 1 2 3 |  3.6
Throwing       | 1 2 3 |  3.6
Armour         | 1 2 3 |  3.6
Shields        | 1 2 3 |  3.6
Unarmed Combat | 1 2 3 |  3.6
Evocations     | 1 2 3 |  3.6
Hexes          | 1 2 3 |  3.0
Summonings     | 1 2 3 |  3.0
Necromancy     | 1 2 3 |  3.0
Translocations | 1 2 3 |  3.0
Transmutations | 1 2 3 |  3.0
Fire Magic     | 1 2 3 |  3.0
Ice Magic      | 1 2 3 |  3.0
Earth Magic    | 1 2 3 |  3.0
Poison Magic   | 1 2 3 |  3.0
Dodging        | 5 |  5.9
Stealth        | 5 |  5.6
Air Magic      | 6 |  6.2

Action                     |  1- 3 |  4- 6 |  7- 9 || total
---------------------------+-------+-------+-------++-------
  Melee: Dagger            |     4 |     6 |    23 ||    33
         Bite              |       |     1 |     1 ||     2
   Cast: Shock             |    60 |    74 |    82 ||   216
         Static Discharge  |       |    10 |    12 ||    22
    Use: Scroll            |     1 |     9 |       ||    10
         Potion            |       |     2 |       ||     2
   Stab: Sleeping          |     1 |       |       ||     1
 Armour: Robe              |     2 |    19 |    33 ||    54
         Skin              |       |     5 |       ||     5
  Dodge: Dodged            |    24 |    15 |    42 ||    81

Table legend: (Time is in decaauts)
 A = Elapsed time spent in this place.
 B = Non-inter-level travel time spent in this place.
 C = Inter-level travel time spent in this place.
 D = Time resting spent in this place.
 E = Time spent auto-exploring this place.
 F = Levels seen in this place.
 G = Mean time per level.
                   A        B        C        D        E       F      G
               +--------+--------+--------+--------+--------+-----+--------+
         Total |   5908 |   5240 |    668 |   1418 |   2906 |   6 |  984.7 |
       Dungeon |   5908 |   5240 |    668 |   1418 |   2906 |   6 |  984.7 |
               +--------+--------+--------+--------+--------+-----+--------+

Top non-repeatable levels by time:
     D:4: 1441 daAuts
     D:5: 1269 daAuts
     D:2: 1246 daAuts
     D:1: 1113 daAuts
     D:3: 833 daAuts
     D:6: 5 daAuts
